 Dungeon Crawl Stone Soup version 0.23.0-3-gf3c87f2 (webtiles) character file.

Game seed: 2805434564842880015

130 razor4143 the Chopper (level 5, -2/41 HPs)
             Began as a Formicid Fighter on Feb 24, 2019.
             Was an Initiate of Wu Jian.
             Killed by divine providence
             ... invoked by an orc priest
              (9 damage)
             ... on level 3 of the Dungeon.
             The game lasted 00:04:06 (2470 turns).

razor4143 the Chopper (Formicid Fighter)            Turns: 2470, Time: 00:04:08

Health: -2/41      AC:  6    Str: 22    XL:     5   Next: 36%
Magic:  5/5        EV:  7    Int:  7    God:    Wu Jian [......]
Gold:   195        SH:  0    Dex: 10    Spells: 4/4 levels left

rFire    . . .     SeeInvis +   a - +0 war axe
rCold    . . .     Gourm    .   c - +0 shield
rNeg     . . .     Faith    .   b - +0 scale mail
rPois    .         Spirit   .   (helmet unavailable)
rElec    .         Reflect  .   (no cloak)
rCorr    .         Harm     .   (no gloves)
MR       .....                  (no boots)
Stlth    ..........             (no amulet)
HPRegen  0.13/turn              (no ring)
MPRegen  0.09/turn              (no ring)

@: confused, heavily drained
A: permanent stasis, dig shafts and tunnels, four strong arms, antennae 3
a: Dig, Shaft Self, Renounce Religion


You were on level 3 of the Dungeon.
You worshipped Wu Jian.
Wu Jian was noncommittal.
You were not hungry.

You visited 1 branch of the dungeon, and saw 3 of its levels.

You collected 195 gold pieces.

Inventory:

Hand Weapons
 a - a +0 war axe (weapon)
Armour
 b - a +0 scale mail (worn)
 c - a +0 shield (worn)
Jewellery
 u - an uncursed ring of positive energy {unknown}
Wands
 s - a wand of enslavement (4)
Scrolls
 e - 2 scrolls of remove curse {unknown}
 h - 9 scrolls of identify {unknown}
 j - 2 scrolls of blinking {unknown}
 m - a scroll of fear {unknown}
 n - 3 scrolls of teleportation {unknown}
 o - a scroll of noise {unknown}
 q - 2 scrolls of amnesia {unknown}
 r - a scroll of enchant armour {unknown}
 v - a scroll of fog {unknown}
Potions
 d - a potion of might
 g - 2 potions of ambrosia
 i - a potion of heal wounds {unknown}
 k - a potion of lignification {unknown}
 l - a potion of haste {unknown}
 p - 2 potions of degeneration {unknown}
 t - 2 potions of curing {unknown}
Comestibles
 f - 3 rations


   Skills:
 - Level 3.2(0.8) Fighting
 + Level 5.2(2.6) Axes
 - Level 3.2(0.8) Armour
 - Level 3.6(1.2) Shields


You had 4 spell levels left.
You didn't know any spells.
Your spell library was empty.

Dungeon Overview and Level Annotations

Branches:
Dungeon (3/15)

Altars:
Wu Jian


Innate Abilities, Weirdness & Mutations

You cannot be hasted, slowed, berserked, paralysed or teleported.
You can dig through walls and to a lower floor.
Your four strong arms can wield two-handed weapons with a shield.
You have a pair of large antennae on your head. (SInv)


Message History

You block the orc wizard's attack.
Evoke which item? (* to show all) (? for menu, Esc to quit)
Aiming: Enslavement
Press: ? - help, Shift-Dir - straight line, f - orc wizard
Aim: an orc wizard, wielding a +0 dagger and wearing a +0 robe (fast, chance to defeat MR: 46%)
The orc wizard resists with some effort.
The orc hits you from afar with a +0 trident.
The orc wizard barely misses you.
The orc priest mumbles some strange prayers to Beogh against you.
Beogh smites you!
* * * LOW HITPOINT WARNING * * *
Evoke which item? (* to show all) (? for menu, Esc to quit)
Okay, then.
It was a potion of ambrosia.
You are confused.
You feel invigorated. The orc wizard barely misses you.
The orc hits you but does no damage.
The orc priest mumbles some strange prayers to Beogh against you.
Beogh smites you!
You die...

### #
..################o#####
................@oo.....
.###.#############o#....
.# #.# # # .# #[# .# #.#
.# #.# .# #.# .# #.# .#
#.#


You could see an orc priest, an orc wizard and 2 orcs.

Vanquished Creatures
  Terence (D:2)
  An adder (D:3)
  An ooze (D:3)
  2 worms (D:2)
  A dart slug (D:1)
  4 leopard geckos
  2 orcs (D:3)
  5 bats
  3 giant cockroaches
  9 hobgoblins
  4 jackals (D:2)
  A quokka (D:2)
  A ball python (D:2)
  A frilled lizard (D:1)
  10 goblins
  10 kobolds
  3 rats (D:2)
59 creatures vanquished.

Vanquished Creatures (collateral kills)
  2 adders (D:3)
  A kobold (D:3)
  A rat (D:3)
4 creatures vanquished.

Grand Total: 63 creatures vanquished

Notes
Turn   | Place    | Note
-------+----------+-------------------------------------------
     0 | D:1      | razor4143 the Formicid Fighter began the quest for the Orb.
     0 | D:1      | Reached XP level 1. HP: 18/18 MP: 1/1
   107 | D:1      | Reached XP level 2. HP: 24/24 MP: 2/2
   174 | D:1      | Reached skill level 3 in Axes
   227 | D:1      | Reached XP level 3. HP: 29/29 MP: 3/3
   844 | D:2      | Reached skill level 4 in Axes
   844 | D:2      | Reached XP level 4. HP: 33/35 MP: 4/4
  1334 | D:2      | Noticed Terence
  1353 | D:2      | Killed Terence
  1906 | D:3      | Reached XP level 5. HP: 36/41 MP: 5/5
  1925 | D:3      | Found an ornate altar of the Wu Jian Council.
  1942 | D:3      | Became a worshipper of the Wu Jian Council
  1998 | D:3      | Reached skill level 5 in Axes
  2470 | D:3      | Killed from afar by an orc priest

Skill      XL: |  1  2  3  4  5 |
---------------+----------------+-----
Axes           | 3 4 5 |  5.2
Fighting       | |  3.2
Armour         | |  3.2
Shields        | |  3.6

Action                   |  1- 3 |  4- 6 || total
-------------------------+-------+-------++-------
Melee: War axe           |    80 |   104 ||   184
Invok: Lunge             |       |     2 ||     2
 Abil: Dig               |     1 |       ||     1
Evoke: Wand              |       |     5 ||     5
  Use: Potion            |       |     1 ||     1
  Eat: Chunk             |       |     3 ||     3
       Ration            |       |     1 ||     1
Armor: Scale mail        |    46 |    65 ||   111
Dodge: Dodged            |    28 |    29 ||    57
Block: Shield            |    50 |    53 ||   103
